Edmonton Oilers vs Chicago Black Hawks
Created - Thursday, May 11, 2023 at 07:49
Goals
|
| Edmonton Oilers |
2 |
0 |
3 |
5 |
| Chicago Black Hawks |
1 |
0 |
1 |
2 |
|
Shots
|
| Edmonton Oilers |
13 |
5 |
13 |
31 |
| Chicago Black Hawks |
12 |
8 |
15 |
35 |
|
1st period
1. Edmonton Oilers , Boone Jenner 18 (Jamie Benn 27) at 4:39
2. Chicago Black Hawks , Steven Stamkos 31 (Mikhail Sergachev 18) at 15:29 (PP)
3. Edmonton Oilers , Anthony Duclair 14 (Paul Stastny 6, Brandon Carlo 7) at 19:37
Penalties :
Brock Boeser (EDM) for Tripping (Minor) at 15:00, Steven Stamkos (CHI) for Tripping (Minor) at 15:51, Boone Jenner (EDM) for High sticking (Minor) at 19:56
2nd period
No Goal
Penalties :
Jamie Benn (EDM) for Goalie Interference (Minor) at 8:21, Brandon Carlo (EDM) for Tripping (Minor) at 12:45
3rd period
4. Chicago Black Hawks , Nikolaj Ehlers 9 (Chris Kreider 18, Phillip Danault 17) at 1:38
5. Edmonton Oilers , Adrian Kempe 23 (Anthony Duclair 24, Ryan Getzlaf 21) at 4:38
6. Edmonton Oilers , Brett Pesce 1 (Alex Iafallo 9, Brock Boeser 12) at 19:23 (Empty Net)
7. Edmonton Oilers , Boone Jenner 19 (Evan Bouchard 6) at 19:53
Penalties :
No Penalty
Goalie Stats
Juuse Saros (EDM), 33 saves from 35 shots - (0.943), W, 18-13-0, 60:00 minutes
Ilya Sorokin (CHI), 26 saves from 30 shots - (0.867), L, 22-11-4, 59:37 minutes
Players Stats for Edmonton Oilers
Player Name G A P +/- PIM S H SB GA TA FO MP PP MP PK MP
------------------------------------------------------------------------------------
Adrian Kempe 1 0 1 1 0 4 0 0 2 0 2/2 17:01 1:01 0:00
Alex Iafallo 0 1 1 1 0 3 1 0 0 0 0/0 14:21 0:00 3:17
Anthony Duclair 1 1 2 1 0 4 1 1 1 0 1/4 17:04 1:05 0:00
Boone Jenner 2 0 2 2 2 3 4 0 0 0 13/27 19:42 1:01 1:47
Brandon Carlo 0 1 1 1 2 0 0 0 0 1 0/0 16:47 0:00 1:22
Brett Pesce 1 0 1 1 0 2 3 1 0 1 0/0 27:24 0:00 4:17
Brock Boeser 0 1 1 1 2 1 1 0 1 0 0/0 11:42 0:58 0:00
Cam Atkinson 0 0 0 2 0 2 0 0 2 1 0/1 19:56 0:54 1:09
Damon Severson 0 0 0 1 0 1 1 0 3 0 0/0 22:37 1:05 2:26
Duncan Keith 0 0 0 1 0 0 1 1 0 0 0/0 15:35 0:00 0:47
Erik Johnson 0 0 0 2 0 0 2 2 0 0 0/0 21:14 0:00 4:00
Evan Bouchard 0 1 1 2 0 1 0 2 0 0 0/0 14:06 0:54 0:00
Jakub Voracek 0 0 0 0 0 1 1 0 0 0 0/0 7:34 0:58 0:00
Jamie Benn 0 1 1 2 2 4 1 1 0 2 1/1 18:22 1:01 0:00
Mikael Backlund 0 0 0 1 0 3 2 0 0 0 2/8 14:48 0:00 3:17
Paul Stastny 0 1 1 0 0 0 0 0 0 0 0/0 8:31 0:00 0:33
Ryan Getzlaf 0 1 1 1 0 2 2 0 0 0 12/22 16:57 0:58 0:00
Sean Kuraly 0 0 0 0 0 0 2 1 0 0 1/4 9:49 0:00 2:49
Players Stats for Chicago Black Hawks
Player Name G A P +/- PIM S H SB GA TA FO MP PP MP PK MP
------------------------------------------------------------------------------------
Barclay Goodrow 0 0 0 0 0 1 1 0 0 0 2/4 9:16 0:00 1:01
Bo Horvat 0 0 0 0 0 1 0 0 0 1 9/13 16:55 3:09 0:32
Brent Burns 0 0 0 -4 0 1 0 0 0 0 0/0 24:16 3:01 0:59
Cal Clutterbuck 0 0 0 0 0 0 0 0 0 0 0/0 8:47 0:00 0:34
Chris Kreider 0 1 1 0 0 6 2 0 1 1 1/1 12:05 0:00 0:14
Devon Toews 0 0 0 -4 0 3 1 1 1 0 0/0 25:16 3:25 1:00
Lawson Crouse 0 0 0 0 0 2 2 0 0 0 0/0 9:13 0:00 1:00
Matt Duchene 0 0 0 -3 0 3 0 0 2 1 0/3 20:57 3:17 0:00
Matthew Tkachuk 0 0 0 -4 0 2 3 1 0 0 0/2 20:34 3:09 0:03
Mikhail Sergachev 0 1 1 0 0 1 1 2 0 2 0/0 23:33 3:01 0:59
Nicolas Hague 0 0 0 0 0 1 0 0 0 1 0/0 11:11 0:00 0:00
Nikolaj Ehlers 1 0 1 0 0 3 1 0 1 0 0/0 12:00 0:04 0:00
Phillip Danault 0 1 1 0 0 2 5 0 0 1 8/10 16:32 3:14 0:34
Rasmus Andersson 0 0 0 -1 0 0 1 1 0 1 0/0 15:13 0:00 0:00
Rasmus Ristolainen 0 0 0 1 0 1 3 0 0 0 0/0 16:29 0:00 1:00
Steven Stamkos 1 0 1 -4 2 2 1 1 0 0 15/31 21:27 3:16 0:00
Travis Konecny 0 0 0 0 0 5 0 1 0 1 0/2 16:23 3:09 0:00
Vladimir Tarasenko 0 0 0 -1 0 1 1 0 0 0 2/3 17:53 3:25 0:00
3 Stars
1 - Boone Jenner (EDM)
2 - Anthony Duclair (EDM)
3 - Brett Pesce (EDM)
Power Play
Edmonton Oilers - 0 on 1 Attempt(s) - 0.00%
Chicago Black Hawks - 1 on 4 Attempt(s) - 25.00%
Penalty Kill
Edmonton Oilers - 3 on 4 Attempt(s) - 75.00%
- Score 0 goal in Penalty Kill
Chicago Black Hawks - 1 on 1 Attempt(s) - 100.00%
- Score 0 goal in Penalty Kill
Team Stat
Edmonton Oilers - Hits : 22 - Faceoff Wins : 32 - Blocked Shots : 9 - Penalty Minutes : 8
Chicago Black Hawks - Hits : 22 - Faceoff Wins : 37 - Blocked Shots : 7 - Penalty Minutes : 2
Official
Referees : Marc Joannette and Mike Hasenfratz
Linesman : Brian Murphy and Don Henderson
Game Notes
Brett Pesce has scored in a empty net!
Finance
Level 1 -- Attendance: 4458 (74.30%) -- Ticket Income $445,800
Level 2 -- Attendance: 3764 (75.28%) -- Ticket Income $225,840
Level 3 -- Attendance: 2536 (84.53%) -- Ticket Income $88,760
Level 4 -- Attendance: 4015 (80.30%) -- Ticket Income $100,375
Luxury Box -- Attendance: 822 (82.20%) -- Ticket Income $164,400
Game was played at the United Center.
Total Attendance: 15595 (77.98%)
Total Ticket Income: $1,025,175
Other Income: $358,811
Total Income: $1,383,986
Edmonton Oilers
5 vs 5 Forward
Center Left Wing Right Wing Time % Phy DF OF
1 Boone Jenner Jamie Benn Cam Atkinson 35 0 2 3
2 Ryan Getzlaf Anthony Duclair Adrian Kempe 34 0 2 3
3 Mikael Backlund Alex Iafallo Brock Boeser 21 0 2 3
4 Sean Kuraly Paul Stastny Jakub Voracek 10 1 2 2
5 vs 5 Defense
Defense Defense Time % Phy DF OF
1 Damon Severson Brett Pesce 35 0 3 2
2 Duncan Keith Brandon Carlo 31 0 4 1
3 Erik Johnson Evan Bouchard 22 1 2 2
4 Erik Johnson Brett Pesce 12 1 4 0
PowerPlay Forward
Center Left Wing Right Wing Time % Phy DF OF
1 Boone Jenner Jamie Benn Adrian Kempe 60 0 0 5
2 Ryan Getzlaf Jakub Voracek Brock Boeser 40 0 0 5
PowerPlay Defense
Defense Defense Time % Phy DF OF
1 Damon Severson Anthony Duclair 60 0 1 4
2 Evan Bouchard Cam Atkinson 40 0 1 4
Penalty Kill 4 Players Forward
Center Wing Time % Phy DF OF
1 Boone Jenner Sean Kuraly 50 1 4 0
2 Mikael Backlund Alex Iafallo 50 1 4 0
Penalty Kill 4 Players Defense
Defense Defense Time % Phy DF OF
1 Erik Johnson Brett Pesce 60 1 4 0
2 Damon Severson Brandon Carlo 40 1 4 0
Penalty Kill - 3 Players Forward
Forward Time % Phy DF OF
1 Boone Jenner 50 0 5 0
2 Mikael Backlund 50 0 5 0
Penalty Kill - 3 Players Defense
Defense Defense Time % Phy DF OF
1 Erik Johnson Brett Pesce 50 1 4 0
2 Damon Severson Brandon Carlo 50 1 4 0
4 vs 4 Forward
Center Wing Time % Phy DF OF
1 Jamie Benn Adrian Kempe 57 0 2 3
2 Mikael Backlund Anthony Duclair 43 0 2 3
4 vs 4 Defense
Defense Defense Time % Phy DF OF
1 Damon Severson Brett Pesce 56 0 3 2
2 Evan Bouchard Brandon Carlo 44 0 2 3
Last Minutes Offensive
Center Left Wing Right Wing Defense Defense
Boone Jenner Jamie Benn Adrian Kempe Damon Severson Evan Bouchard
Last Minutes Defensive
Center Left Wing Right Wing Defense Defense
Boone Jenner Sean Kuraly Mikael Backlund Erik Johnson Brett Pesce
Goaltenders
Starting : Juuse Saros
Backup : Matt Murray
Extra Forwards
Normal : Adrian Kempe, Brock Boeser, Paul Stastny - PP : Jakub Voracek, Paul Stastny - PK : Cam Atkinson
Extra Defensemen
Normal : Duncan Keith, Evan Bouchard, Damon Severson - PP : Duncan Keith - PK : Damon Severson, Duncan Keith
Penalty Shots
Boone Jenner, Anthony Duclair, Adrian Kempe, Cam Atkinson, Jakub Voracek
Chicago Black Hawks
5 vs 5 Forward
Center Left Wing Right Wing Time % Phy DF OF
1 Steven Stamkos Matthew Tkachuk Matt Duchene 40 0 1 4
2 Bo Horvat Travis Konecny Vladimir Tarasenko 30 0 1 4
3 Phillip Danault Nikolaj Ehlers Chris Kreider 20 0 2 3
4 Barclay Goodrow Cal Clutterbuck Lawson Crouse 10 0 2 3
5 vs 5 Defense
Defense Defense Time % Phy DF OF
1 Brent Burns Devon Toews 40 0 2 3
2 Rasmus Ristolainen Mikhail Sergachev 30 0 2 3
3 Rasmus Andersson Nicolas Hague 20 0 4 1
4 Mikhail Sergachev Rasmus Andersson 10 0 3 2
PowerPlay Forward
Center Left Wing Right Wing Time % Phy DF OF
1 Steven Stamkos Phillip Danault Matt Duchene 60 0 0 5
2 Bo Horvat Matthew Tkachuk Travis Konecny 40 0 0 5
PowerPlay Defense
Defense Defense Time % Phy DF OF
1 Brent Burns Mikhail Sergachev 60 0 0 5
2 Devon Toews Vladimir Tarasenko 40 0 0 5
Penalty Kill 4 Players Forward
Center Wing Time % Phy DF OF
1 Barclay Goodrow Lawson Crouse 60 0 5 0
2 Phillip Danault Cal Clutterbuck 40 0 5 0
Penalty Kill 4 Players Defense
Defense Defense Time % Phy DF OF
1 Devon Toews Rasmus Ristolainen 60 0 5 0
2 Brent Burns Mikhail Sergachev 40 0 5 0
Penalty Kill - 3 Players Forward
Forward Time % Phy DF OF
1 Barclay Goodrow 60 0 5 0
2 Phillip Danault 40 0 5 0
Penalty Kill - 3 Players Defense
Defense Defense Time % Phy DF OF
1 Rasmus Ristolainen Mikhail Sergachev 60 0 5 0
2 Devon Toews Nicolas Hague 40 0 5 0
4 vs 4 Forward
Center Wing Time % Phy DF OF
1 Phillip Danault Nikolaj Ehlers 60 0 2 3
2 Bo Horvat Vladimir Tarasenko 40 0 2 3
4 vs 4 Defense
Defense Defense Time % Phy DF OF
1 Nicolas Hague Rasmus Ristolainen 60 0 4 1
2 Devon Toews Brent Burns 40 0 2 3
Last Minutes Offensive
Center Left Wing Right Wing Defense Defense
Steven Stamkos Vladimir Tarasenko Matthew Tkachuk Brent Burns Devon Toews
Last Minutes Defensive
Center Left Wing Right Wing Defense Defense
Barclay Goodrow Lawson Crouse Phillip Danault Rasmus Ristolainen Brent Burns
Goaltenders
Starting : Ilya Sorokin
Backup : Jordan Binnington
Extra Forwards
Normal : Lawson Crouse, Vladimir Tarasenko, Phillip Danault - PP : Bo Horvat, Nikolaj Ehlers - PK : Bo Horvat
Extra Defensemen
Normal : Rasmus Ristolainen, Nicolas Hague, Devon Toews - PP : Rasmus Ristolainen - PK : Nicolas Hague, Devon Toews
Penalty Shots
Phillip Danault, Matt Duchene, Devon Toews, Bo Horvat, Rasmus Ristolainen
% Time on Ice - Edmonton Oilers
Lines # - Real PCT - Wanted PCT - Time Play
Normal Forward
1 - 34% - 35% - 17:23
2 - 31% - 34% - 16:09
3 - 21% - 21% - 11:04
4 - 14% - 10% - 6:59
Normal Defense
1 - 34% - 35% - 17:36
2 - 33% - 31% - 16:46
3 - 22% - 22% - 11:25
4 - 11% - 12% - 5:48
PP Forward
1 - 51% - 60% - 1:01
2 - 49% - 40% - 0:58
PP Defense
1 - 55% - 60% - 1:05
2 - 45% - 40% - 0:54
PK Forward
1 - 46% - 50% - 2:57
2 - 54% - 50% - 3:29
PK Defense
1 - 62% - 60% - 4:00
2 - 38% - 40% - 2:26
PK3 Forward
1 - 0% - 50%
2 - 0% - 50%
PK3 Defense
1 - 0% - 50%
2 - 0% - 50%
44 Forward
1 - 0% - 57%
2 - 0% - 43%
44 Defense
1 - 0% - 56%
2 - 0% - 44%
Last Minute Offensive - 0:00
Last Minute Defensive - 0:00
Total
Forward - 60:00
Defense - 60:00
|
% Time on Ice - Chicago Black Hawks
Lines # - Real PCT - Wanted PCT - Time Play
Normal Forward
1 - 35% - 40% - 17:42
2 - 26% - 30% - 13:14
3 - 23% - 20% - 11:49
4 - 16% - 10% - 8:13
Normal Defense
1 - 39% - 40% - 19:50
2 - 31% - 30% - 15:55
3 - 22% - 20% - 11:11
4 - 8% - 10% - 4:02
PP Forward
1 - 51% - 60% - 3:17
2 - 49% - 40% - 3:09
PP Defense
1 - 47% - 60% - 3:01
2 - 53% - 40% - 3:25
PK Forward
1 - 71% - 60% - 1:25
2 - 29% - 40% - 0:34
PK Defense
1 - 50% - 60% - 1:00
2 - 50% - 40% - 0:59
PK3 Forward
1 - 0% - 60%
2 - 0% - 40%
PK3 Defense
1 - 0% - 60%
2 - 0% - 40%
44 Forward
1 - 0% - 60%
2 - 0% - 40%
44 Defense
1 - 0% - 60%
2 - 0% - 40%
Last Minute Offensive - 0:37
Last Minute Defensive - 0:00
Total
Forward - 60:00
Defense - 60:00
|
Play-by-Play
1st period
0:01 of 1st period - Steven Stamkos wins face-off versus Boone Jenner in neutral zone.
1:10 of 1st period - Matt Duchene is hit by Alex Iafallo and loses puck.
1:19 of 1st period - Snap shot by Matt Duchene.
1:19 of 1st period - Shot Misses the Net.
1:21 of 1st period - Snap shot by Matthew Tkachuk.
1:21 of 1st period - Stopped by Juuse Saros without a rebound.
1:22 of 1st period - Bo Horvat wins face-off versus Ryan Getzlaf in Edmonton Oilers zone.
1:23 of 1st period - Snap shot by Vladimir Tarasenko.
1:23 of 1st period - Shot Misses the Net.
1:25 of 1st period - Slapshot by Mikhail Sergachev.
1:25 of 1st period - Stopped by Juuse Saros with a rebound.
1:27 of 1st period - Slapshot by Mikhail Sergachev.
1:27 of 1st period - Shot Blocked by Duncan Keith.
1:29 of 1st period - Slapshot by Rasmus Ristolainen.
1:29 of 1st period - Stopped by Juuse Saros without a rebound.
1:30 of 1st period - Ryan Getzlaf wins face-off versus Vladimir Tarasenko in Edmonton Oilers zone.
1:36 of 1st period - Icing by Mikhail Sergachev.
1:37 of 1st period - Bo Horvat wins face-off versus Anthony Duclair in Chicago Black Hawks zone.
1:53 of 1st period - Bo Horvat is hit by Erik Johnson and loses puck.
2:00 of 1st period - Evan Bouchard is hit by Rasmus Ristolainen and loses puck.
2:05 of 1st period - Wrist shot by Travis Konecny.
2:05 of 1st period - Stopped by Juuse Saros without a rebound.
2:06 of 1st period - Phillip Danault wins face-off versus Boone Jenner in Edmonton Oilers zone.
2:43 of 1st period - Wrist shot by Jakub Voracek.
2:43 of 1st period - Stopped by Ilya Sorokin with a rebound.
3:07 of 1st period - Snap shot by Adrian Kempe.
3:07 of 1st period - Stopped by Ilya Sorokin with a rebound.
3:09 of 1st period - Wrist shot by Anthony Duclair.
3:09 of 1st period - Stopped by Ilya Sorokin with a rebound.
3:11 of 1st period - Snap shot by Ryan Getzlaf.
3:11 of 1st period - Shot Misses the Net.
4:33 of 1st period - Slapshot by Devon Toews.
4:33 of 1st period - Deflect By Bo Horvat.
4:33 of 1st period - Shot Misses the Net.
4:33 of 1st period - Puck is out of play.
4:34 of 1st period - Boone Jenner wins face-off versus Steven Stamkos in Edmonton Oilers zone.
4:39 of 1st period - Wrist shot by Boone Jenner.
4:39 of 1st period - Goal by Boone Jenner - Edmonton Oilers : 1 - Chicago Black Hawks : 0.
4:40 of 1st period - Phillip Danault wins face-off versus Boone Jenner in neutral zone.
5:31 of 1st period - Snap shot by Travis Konecny.
5:31 of 1st period - Shot Misses the Net.
5:51 of 1st period - Slapshot by Barclay Goodrow.
5:51 of 1st period - Shot Misses the Net.
5:53 of 1st period - Slapshot by Barclay Goodrow.
5:53 of 1st period - Shot Blocked by Sean Kuraly.
6:53 of 1st period - Snap shot by Anthony Duclair.
6:53 of 1st period - Stopped by Ilya Sorokin without a rebound.
6:54 of 1st period - Boone Jenner wins face-off versus Bo Horvat in Chicago Black Hawks zone.
6:59 of 1st period - Wrist shot by Jamie Benn.
6:59 of 1st period - Stopped by Ilya Sorokin with a rebound.
7:01 of 1st period - Wrist shot by Cam Atkinson.
7:01 of 1st period - Stopped by Ilya Sorokin without a rebound.
7:02 of 1st period - Steven Stamkos wins face-off versus Boone Jenner in Chicago Black Hawks zone.
7:55 of 1st period - Snap shot by Phillip Danault.
7:55 of 1st period - Stopped by Juuse Saros with a rebound.
8:09 of 1st period - Evan Bouchard is hit by Rasmus Ristolainen.
8:17 of 1st period - Wrist shot by Lawson Crouse.
8:17 of 1st period - Shot Blocked by Evan Bouchard.
9:11 of 1st period - Phillip Danault is hit by Damon Severson and loses puck.
9:16 of 1st period - Snap shot by Brock Boeser.
9:16 of 1st period - Shot Blocked by Rasmus Andersson.
9:22 of 1st period - Wrist shot by Alex Iafallo.
9:22 of 1st period - Stopped by Ilya Sorokin without a rebound.
9:23 of 1st period - Boone Jenner wins face-off versus Steven Stamkos in Chicago Black Hawks zone.
10:15 of 1st period - Nikolaj Ehlers is hit by Jakub Voracek and loses puck.
11:07 of 1st period - Slapshot by Steven Stamkos.
11:07 of 1st period - Shot Misses the Net.
11:24 of 1st period - Bo Horvat is hit by Ryan Getzlaf and loses puck.
11:41 of 1st period - Rasmus Ristolainen is hit by Brett Pesce and loses puck.
11:58 of 1st period - Nikolaj Ehlers is hit by Brock Boeser and loses puck.
12:51 of 1st period - Snap shot by Nikolaj Ehlers.
12:51 of 1st period - Shot Misses the Net.
12:55 of 1st period - Snap shot by Chris Kreider.
12:55 of 1st period - Stopped by Juuse Saros without a rebound.
12:56 of 1st period - Steven Stamkos wins face-off versus Anthony Duclair in Edmonton Oilers zone.
13:00 of 1st period - Icing by Anthony Duclair.
13:01 of 1st period - Ryan Getzlaf wins face-off versus Steven Stamkos in Edmonton Oilers zone.
13:01 of 1st period - Ryan Getzlaf is hit by Rasmus Ristolainen.
13:29 of 1st period - Snap shot by Brock Boeser.
13:29 of 1st period - Shot Misses the Net.
13:31 of 1st period - Slapshot by Alex Iafallo.
13:31 of 1st period - Stopped by Ilya Sorokin without a rebound.
13:32 of 1st period - Boone Jenner wins face-off versus Travis Konecny in Chicago Black Hawks zone.
13:37 of 1st period - Slapshot by Jamie Benn.
13:37 of 1st period - Stopped by Ilya Sorokin without a rebound.
13:38 of 1st period - Boone Jenner wins face-off versus Matthew Tkachuk in Chicago Black Hawks zone.
14:09 of 1st period - Wrist shot by Matt Duchene.
14:09 of 1st period - Stopped by Juuse Saros without a rebound.
14:10 of 1st period - Vladimir Tarasenko wins face-off versus Ryan Getzlaf in Edmonton Oilers zone.
14:45 of 1st period - Wrist shot by Jamie Benn.
14:45 of 1st period - Stopped by Ilya Sorokin with a rebound.
14:47 of 1st period - Slapshot by Damon Severson.
14:47 of 1st period - Shot Misses the Net.
14:49 of 1st period - Slapshot by Damon Severson.
14:49 of 1st period - Stopped by Ilya Sorokin without a rebound.
14:50 of 1st period - Mikael Backlund wins face-off versus Barclay Goodrow in Chicago Black Hawks zone.
15:00 of 1st period - Minor Penalty to Brock Boeser for Tripping.
15:01 of 1st period - Boone Jenner wins face-off versus Steven Stamkos in Edmonton Oilers zone.
15:04 of 1st period - Off-side.
15:05 of 1st period - Boone Jenner wins face-off versus Steven Stamkos in neutral zone.
15:16 of 1st period - Erik Johnson is hit by Phillip Danault and loses puck.
15:29 of 1st period - Wrist shot by Steven Stamkos.
15:29 of 1st period - Goal by Steven Stamkos - Edmonton Oilers : 1 - Chicago Black Hawks : 1.
15:30 of 1st period - Ryan Getzlaf wins face-off versus Steven Stamkos in neutral zone.
15:51 of 1st period - Minor Penalty to Steven Stamkos for Tripping.
15:52 of 1st period - Boone Jenner wins face-off versus Barclay Goodrow in Chicago Black Hawks zone.
16:07 of 1st period - Devon Toews is hit by Jamie Benn and loses puck.
17:51 of 1st period - Penalty to Steven Stamkos is over, Steven Stamkos is back on ice.
18:06 of 1st period - Wrist shot by Matthew Tkachuk.
18:06 of 1st period - Shot Blocked by Evan Bouchard.
18:08 of 1st period - Slapshot by Nicolas Hague.
18:08 of 1st period - Stopped by Juuse Saros with a rebound.
18:24 of 1st period - Rasmus Andersson is hit by Sean Kuraly and loses puck.
18:37 of 1st period - Wrist shot by Phillip Danault.
18:37 of 1st period - Shot Misses the Net.
19:03 of 1st period - Slapshot by Chris Kreider.
19:03 of 1st period - Stopped by Juuse Saros without a rebound.
19:04 of 1st period - Chris Kreider wins face-off versus Sean Kuraly in Edmonton Oilers zone.
19:09 of 1st period - Snap shot by Chris Kreider.
19:09 of 1st period - Stopped by Juuse Saros with a rebound.
19:11 of 1st period - Snap shot by Phillip Danault.
19:11 of 1st period - Deflect By Chris Kreider.
19:11 of 1st period - Stopped by Juuse Saros with a rebound.
19:37 of 1st period - Snap shot by Anthony Duclair.
19:37 of 1st period - Goal by Anthony Duclair - Edmonton Oilers : 2 - Chicago Black Hawks : 1.
19:38 of 1st period - Steven Stamkos wins face-off versus Boone Jenner in neutral zone.
19:56 of 1st period - Minor Penalty to Boone Jenner for High sticking.
19:57 of 1st period - Sean Kuraly wins face-off versus Steven Stamkos in Edmonton Oilers zone.
Goals for this period are 2 for Edmonton Oilers vs 1 for Chicago Black Hawks.
Shots for this period are 13 for Edmonton Oilers vs 12 for Chicago Black Hawks.
2nd period
0:01 of 2nd period - Steven Stamkos wins face-off versus Cam Atkinson in neutral zone.
0:26 of 2nd period - Phillip Danault is hit by Mikael Backlund and loses puck.
0:32 of 2nd period - Off-side.
0:33 of 2nd period - Bo Horvat wins face-off versus Mikael Backlund in neutral zone.
1:56 of 2nd period - Penalty to Boone Jenner is over, Boone Jenner is back on ice.
2:05 of 2nd period - Ryan Getzlaf is hit by Lawson Crouse and loses puck.
2:30 of 2nd period - Nicolas Hague is hit by Boone Jenner and loses puck.
3:01 of 2nd period - Slapshot by Alex Iafallo.
3:01 of 2nd period - Stopped by Ilya Sorokin without a rebound.
3:02 of 2nd period - Barclay Goodrow wins face-off versus Mikael Backlund in Chicago Black Hawks zone.
3:09 of 2nd period - Brett Pesce is hit by Lawson Crouse and loses puck.
4:08 of 2nd period - Snap shot by Sean Kuraly.
4:08 of 2nd period - Shot Misses the Net.
4:30 of 2nd period - Wrist shot by Chris Kreider.
4:30 of 2nd period - Shot Blocked by Erik Johnson.
5:31 of 2nd period - Off-side.
5:32 of 2nd period - Phillip Danault wins face-off versus Sean Kuraly in neutral zone.
5:35 of 2nd period - Slapshot by Chris Kreider.
5:35 of 2nd period - Deflect By Nikolaj Ehlers.
5:35 of 2nd period - Shot Misses the Net.
5:35 of 2nd period - Puck is out of play.
5:36 of 2nd period - Phillip Danault wins face-off versus Ryan Getzlaf in Edmonton Oilers zone.
5:43 of 2nd period - Slapshot by Chris Kreider.
5:43 of 2nd period - Stopped by Juuse Saros without a rebound.
5:44 of 2nd period - Ryan Getzlaf wins face-off versus Steven Stamkos in Edmonton Oilers zone.
5:49 of 2nd period - Snap shot by Steven Stamkos.
5:49 of 2nd period - Deflect By Matthew Tkachuk.
5:49 of 2nd period - Stopped by Juuse Saros without a rebound.
5:50 of 2nd period - Steven Stamkos wins face-off versus Boone Jenner in Edmonton Oilers zone.
6:18 of 2nd period - Snap shot by Matt Duchene.
6:18 of 2nd period - Shot Misses the Net.
6:20 of 2nd period - Wrist shot by Steven Stamkos.
6:20 of 2nd period - Deflect By Matt Duchene.
6:20 of 2nd period - Stopped by Juuse Saros without a rebound.
6:21 of 2nd period - Bo Horvat wins face-off versus Ryan Getzlaf in Edmonton Oilers zone.
6:39 of 2nd period - Icing by Brandon Carlo.
6:40 of 2nd period - Ryan Getzlaf wins face-off versus Steven Stamkos in Edmonton Oilers zone.
6:44 of 2nd period - Icing by Ryan Getzlaf.
6:45 of 2nd period - Adrian Kempe wins face-off versus Steven Stamkos in Edmonton Oilers zone.
7:10 of 2nd period - Snap shot by Adrian Kempe.
7:10 of 2nd period - Stopped by Ilya Sorokin without a rebound.
7:11 of 2nd period - Bo Horvat wins face-off versus Boone Jenner in Chicago Black Hawks zone.
7:43 of 2nd period - Barclay Goodrow is hit by Boone Jenner and loses puck.
8:21 of 2nd period - Minor Penalty to Jamie Benn for Goalie Interference.
8:22 of 2nd period - Steven Stamkos wins face-off versus Mikael Backlund in Edmonton Oilers zone.
8:26 of 2nd period - Wrist shot by Matt Duchene.
8:26 of 2nd period - Stopped by Juuse Saros without a rebound.
8:27 of 2nd period - Phillip Danault wins face-off versus Mikael Backlund in Edmonton Oilers zone.
8:56 of 2nd period - Wrist shot by Travis Konecny.
8:56 of 2nd period - Stopped by Juuse Saros with a rebound.
9:14 of 2nd period - Wrist shot by Mikael Backlund.
9:14 of 2nd period - Stopped by Ilya Sorokin with a rebound.
9:16 of 2nd period - Slapshot by Brett Pesce.
9:16 of 2nd period - Stopped by Ilya Sorokin with a rebound.
10:21 of 2nd period - Penalty to Jamie Benn is over, Jamie Benn is back on ice.
10:24 of 2nd period - Slapshot by Steven Stamkos.
10:24 of 2nd period - Shot Misses the Net.
10:48 of 2nd period - Slapshot by Lawson Crouse.
10:48 of 2nd period - Stopped by Juuse Saros without a rebound.
10:49 of 2nd period - Phillip Danault wins face-off versus Ryan Getzlaf in Edmonton Oilers zone.
11:14 of 2nd period - Barclay Goodrow is hit by Erik Johnson and loses puck.
11:33 of 2nd period - Brandon Carlo is hit by Phillip Danault and loses puck.
11:41 of 2nd period - Nicolas Hague is hit by Boone Jenner and loses puck.
12:03 of 2nd period - Nicolas Hague is hit by Anthony Duclair and loses puck.
12:20 of 2nd period - Snap shot by Lawson Crouse.
12:20 of 2nd period - Stopped by Juuse Saros with a rebound.
12:23 of 2nd period - Icing by Brandon Carlo.
12:24 of 2nd period - Barclay Goodrow wins face-off versus Mikael Backlund in Edmonton Oilers zone.
12:45 of 2nd period - Minor Penalty to Brandon Carlo for Tripping.
12:46 of 2nd period - Steven Stamkos wins face-off versus Boone Jenner in Edmonton Oilers zone.
13:49 of 2nd period - Brett Pesce is hit by Phillip Danault.
14:45 of 2nd period - Penalty to Brandon Carlo is over, Brandon Carlo is back on ice.
14:47 of 2nd period - Paul Stastny is hit by Nikolaj Ehlers and loses puck.
16:36 of 2nd period - Matthew Tkachuk is hit by Ryan Getzlaf and loses puck.
17:09 of 2nd period - Cam Atkinson is hit by Phillip Danault and loses puck.
18:11 of 2nd period - Slapshot by Boone Jenner.
18:11 of 2nd period - Deflect By Steven Stamkos.
18:11 of 2nd period - Shot Misses the Net.
18:11 of 2nd period - Puck is out of play.
18:12 of 2nd period - Boone Jenner wins face-off versus Steven Stamkos in Chicago Black Hawks zone.
18:13 of 2nd period - Slapshot by Jamie Benn.
18:13 of 2nd period - Stopped by Ilya Sorokin without a rebound.
18:14 of 2nd period - Ryan Getzlaf wins face-off versus Matt Duchene in Chicago Black Hawks zone.
18:23 of 2nd period - Snap shot by Anthony Duclair.
18:23 of 2nd period - Shot Misses the Net.
18:49 of 2nd period - Snap shot by Travis Konecny.
18:49 of 2nd period - Stopped by Juuse Saros without a rebound.
18:50 of 2nd period - Bo Horvat wins face-off versus Ryan Getzlaf in Edmonton Oilers zone.
19:15 of 2nd period - Jamie Benn is hit by Steven Stamkos and loses puck.
19:38 of 2nd period - Snap shot by Mikael Backlund.
19:38 of 2nd period - Shot Hit the Post.
Goals for this period are 0 for Edmonton Oilers vs 0 for Chicago Black Hawks.
Shots for this period are 5 for Edmonton Oilers vs 8 for Chicago Black Hawks.
3rd period
0:01 of 3rd period - Ryan Getzlaf wins face-off versus Steven Stamkos in neutral zone.
0:12 of 3rd period - Damon Severson is hit by Matthew Tkachuk and loses puck.
0:58 of 3rd period - Slapshot by Brock Boeser.
0:58 of 3rd period - Stopped by Ilya Sorokin without a rebound.
0:59 of 3rd period - Ryan Getzlaf wins face-off versus Steven Stamkos in Chicago Black Hawks zone.
1:00 of 3rd period - Slapshot by Adrian Kempe.
1:00 of 3rd period - Shot Blocked by Mikhail Sergachev.
1:06 of 3rd period - Rasmus Ristolainen is hit by Brett Pesce and loses puck.
1:13 of 3rd period - Adrian Kempe is hit by Matthew Tkachuk and loses puck.
1:38 of 3rd period - Slapshot by Nikolaj Ehlers.
1:38 of 3rd period - Goal by Nikolaj Ehlers - Edmonton Oilers : 2 - Chicago Black Hawks : 2.
1:39 of 3rd period - Steven Stamkos wins face-off versus Boone Jenner in neutral zone.
1:57 of 3rd period - Damon Severson is hit by Matthew Tkachuk and loses puck.
2:40 of 3rd period - Snap shot by Ryan Getzlaf.
2:40 of 3rd period - Shot Misses the Net.
2:42 of 3rd period - Backhand shot by Ryan Getzlaf.
2:42 of 3rd period - Stopped by Ilya Sorokin without a rebound.
2:43 of 3rd period - Ryan Getzlaf wins face-off versus Steven Stamkos in Chicago Black Hawks zone.
2:44 of 3rd period - Snap shot by Anthony Duclair.
2:44 of 3rd period - Deflect By Matthew Tkachuk.
2:44 of 3rd period - Stopped by Ilya Sorokin without a rebound.
2:45 of 3rd period - Adrian Kempe wins face-off versus Matt Duchene in Chicago Black Hawks zone.
2:48 of 3rd period - Slapshot by Ryan Getzlaf.
2:48 of 3rd period - Shot Misses the Net.
2:58 of 3rd period - Snap shot by Anthony Duclair.
2:58 of 3rd period - Deflect By Ryan Getzlaf.
2:58 of 3rd period - Stopped by Ilya Sorokin without a rebound.
2:59 of 3rd period - Steven Stamkos wins face-off versus Boone Jenner in Chicago Black Hawks zone.
3:28 of 3rd period - Snap shot by Bo Horvat.
3:28 of 3rd period - Shot Misses the Net.
3:30 of 3rd period - Snap shot by Devon Toews.
3:30 of 3rd period - Stopped by Juuse Saros without a rebound.
3:31 of 3rd period - Bo Horvat wins face-off versus Ryan Getzlaf in Edmonton Oilers zone.
3:34 of 3rd period - Snap shot by Travis Konecny.
3:34 of 3rd period - Stopped by Juuse Saros without a rebound.
3:35 of 3rd period - Ryan Getzlaf wins face-off versus Matthew Tkachuk in Edmonton Oilers zone.
4:02 of 3rd period - Wrist shot by Steven Stamkos.
4:02 of 3rd period - Stopped by Juuse Saros without a rebound.
4:03 of 3rd period - Boone Jenner wins face-off versus Bo Horvat in Edmonton Oilers zone.
4:18 of 3rd period - Wrist shot by Bo Horvat.
4:18 of 3rd period - Shot Blocked by Jamie Benn.
4:36 of 3rd period - Slapshot by Anthony Duclair.
4:36 of 3rd period - Shot Blocked by Steven Stamkos.
4:38 of 3rd period - Wrist shot by Adrian Kempe.
4:38 of 3rd period - Goal by Adrian Kempe - Edmonton Oilers : 3 - Chicago Black Hawks : 2.
4:39 of 3rd period - Steven Stamkos wins face-off versus Ryan Getzlaf in neutral zone.
4:44 of 3rd period - Wrist shot by Steven Stamkos.
4:44 of 3rd period - Shot Misses the Net.
5:16 of 3rd period - Brett Pesce is hit by Rasmus Andersson and loses puck.
5:33 of 3rd period - Jamie Benn is hit by Mikhail Sergachev and loses puck.
5:40 of 3rd period - Snap shot by Rasmus Andersson.
5:40 of 3rd period - Shot Blocked by Erik Johnson.
6:00 of 3rd period - Devon Toews is hit by Mikael Backlund and loses puck.
6:23 of 3rd period - Snap shot by Adrian Kempe.
6:23 of 3rd period - Shot Misses the Net.
6:32 of 3rd period - Icing by Matt Duchene.
6:33 of 3rd period - Bo Horvat wins face-off versus Sean Kuraly in Chicago Black Hawks zone.
7:09 of 3rd period - Wrist shot by Adrian Kempe.
7:09 of 3rd period - Stopped by Ilya Sorokin without a rebound.
7:10 of 3rd period - Steven Stamkos wins face-off versus Boone Jenner in Chicago Black Hawks zone.
7:23 of 3rd period - Slapshot by Brent Burns.
7:23 of 3rd period - Stopped by Juuse Saros with a rebound.
7:37 of 3rd period - Erik Johnson is hit by Devon Toews and loses puck.
8:00 of 3rd period - Snap shot by Mikael Backlund.
8:00 of 3rd period - Stopped by Ilya Sorokin without a rebound.
8:01 of 3rd period - Phillip Danault wins face-off versus Mikael Backlund in Chicago Black Hawks zone.
8:20 of 3rd period - Wrist shot by Nikolaj Ehlers.
8:20 of 3rd period - Stopped by Juuse Saros with a rebound.
8:22 of 3rd period - Slapshot by Devon Toews.
8:22 of 3rd period - Deflect By Chris Kreider.
8:22 of 3rd period - Stopped by Juuse Saros without a rebound.
8:23 of 3rd period - Ryan Getzlaf wins face-off versus Steven Stamkos in Edmonton Oilers zone.
9:38 of 3rd period - Adrian Kempe is hit by Chris Kreider and loses puck.
10:29 of 3rd period - Slapshot by Chris Kreider.
10:29 of 3rd period - Shot Blocked by Brett Pesce.
10:33 of 3rd period - Snap shot by Nikolaj Ehlers.
10:33 of 3rd period - Stopped by Juuse Saros without a rebound.
10:34 of 3rd period - Vladimir Tarasenko wins face-off versus Boone Jenner in Edmonton Oilers zone.
10:35 of 3rd period - Snap shot by Travis Konecny.
10:35 of 3rd period - Stopped by Juuse Saros without a rebound.
10:36 of 3rd period - Boone Jenner wins face-off versus Bo Horvat in Edmonton Oilers zone.
10:47 of 3rd period - Snap shot by Bo Horvat.
10:47 of 3rd period - Stopped by Juuse Saros with a rebound.
11:29 of 3rd period - Snap shot by Mikael Backlund.
11:29 of 3rd period - Shot Blocked by Mikhail Sergachev.
11:31 of 3rd period - Snap shot by Alex Iafallo.
11:31 of 3rd period - Shot Misses the Net.
11:33 of 3rd period - Snap shot by Duncan Keith.
11:33 of 3rd period - Deflect By Brock Boeser.
11:33 of 3rd period - Shot Misses the Net.
11:33 of 3rd period - Puck is out of play.
11:34 of 3rd period - Steven Stamkos wins face-off versus Boone Jenner in Chicago Black Hawks zone.
11:51 of 3rd period - Snap shot by Boone Jenner.
11:51 of 3rd period - Stopped by Ilya Sorokin without a rebound.
11:52 of 3rd period - Anthony Duclair wins face-off versus Bo Horvat in Chicago Black Hawks zone.
11:53 of 3rd period - Snap shot by Ryan Getzlaf.
11:53 of 3rd period - Shot Blocked by Travis Konecny.
11:59 of 3rd period - Snap shot by Devon Toews.
11:59 of 3rd period - Stopped by Juuse Saros with a rebound.
12:01 of 3rd period - Slapshot by Brent Burns.
12:01 of 3rd period - Shot Blocked by Anthony Duclair.
12:03 of 3rd period - Snap shot by Vladimir Tarasenko.
12:03 of 3rd period - Stopped by Juuse Saros without a rebound.
12:04 of 3rd period - Boone Jenner wins face-off versus Matt Duchene in Edmonton Oilers zone.
12:19 of 3rd period - Backhand shot by Boone Jenner.
12:19 of 3rd period - Shot Misses the Net.
12:21 of 3rd period - Slapshot by Brett Pesce.
12:21 of 3rd period - Shot Blocked by Devon Toews.
12:35 of 3rd period - Snap shot by Mikael Backlund.
12:35 of 3rd period - Stopped by Ilya Sorokin with a rebound.
12:37 of 3rd period - Wrist shot by Brock Boeser.
12:37 of 3rd period - Shot Misses the Net.
12:39 of 3rd period - Slapshot by Evan Bouchard.
12:39 of 3rd period - Stopped by Ilya Sorokin without a rebound.
12:40 of 3rd period - Bo Horvat wins face-off versus Anthony Duclair in Chicago Black Hawks zone.
12:44 of 3rd period - Off-side.
12:45 of 3rd period - Ryan Getzlaf wins face-off versus Travis Konecny in neutral zone.
13:14 of 3rd period - Wrist shot by Mikael Backlund.
13:14 of 3rd period - Shot Misses the Net.
13:40 of 3rd period - Snap shot by Vladimir Tarasenko.
13:40 of 3rd period - Shot Misses the Net.
13:42 of 3rd period - Slapshot by Rasmus Ristolainen.
13:42 of 3rd period - Shot Misses the Net.
14:15 of 3rd period - Off-side.
14:16 of 3rd period - Steven Stamkos wins face-off versus Ryan Getzlaf in neutral zone.
14:42 of 3rd period - Brock Boeser is hit by Chris Kreider and loses puck.
14:49 of 3rd period - Brock Boeser is hit by Phillip Danault.
15:03 of 3rd period - Brent Burns is hit by Sean Kuraly and loses puck.
16:01 of 3rd period - Snap shot by Barclay Goodrow.
16:01 of 3rd period - Shot Misses the Net.
16:03 of 3rd period - Slapshot by Brent Burns.
16:03 of 3rd period - Shot Misses the Net.
16:05 of 3rd period - Slapshot by Devon Toews.
16:05 of 3rd period - Stopped by Juuse Saros with a rebound.
16:07 of 3rd period - Snap shot by Barclay Goodrow.
16:07 of 3rd period - Stopped by Juuse Saros without a rebound.
16:08 of 3rd period - Mikael Backlund wins face-off versus Phillip Danault in Edmonton Oilers zone.
16:19 of 3rd period - Snap shot by Nikolaj Ehlers.
16:19 of 3rd period - Shot Misses the Net.
16:21 of 3rd period - Wrist shot by Phillip Danault.
16:21 of 3rd period - Shot Misses the Net.
16:23 of 3rd period - Snap shot by Phillip Danault.
16:23 of 3rd period - Stopped by Juuse Saros without a rebound.
16:24 of 3rd period - Boone Jenner wins face-off versus Steven Stamkos in Edmonton Oilers zone.
16:29 of 3rd period - Matt Duchene is hit by Brett Pesce and loses puck.
17:36 of 3rd period - Snap shot by Cam Atkinson.
17:36 of 3rd period - Shot Misses the Net.
17:50 of 3rd period - Evan Bouchard is hit by Vladimir Tarasenko and loses puck.
18:07 of 3rd period - Sean Kuraly is hit by Barclay Goodrow and loses puck.
18:16 of 3rd period - Rasmus Andersson is hit by Duncan Keith and loses puck.
19:00 of 3rd period - Chicago Black Hawks, Ilya Sorokin is pulled from the net.
19:06 of 3rd period - Slapshot by Steven Stamkos.
19:06 of 3rd period - Shot Misses the Net.
19:17 of 3rd period - Slapshot by Alex Iafallo.
19:17 of 3rd period - Shot Blocked by Matthew Tkachuk.
19:19 of 3rd period - Snap shot by Alex Iafallo.
19:19 of 3rd period - Shot Misses the Net.
19:21 of 3rd period - Snap shot by Alex Iafallo.
19:21 of 3rd period - Shot Misses the Net.
19:23 of 3rd period - Slapshot by Brett Pesce.
19:23 of 3rd period - Goal by Brett Pesce - Edmonton Oilers : 4 - Chicago Black Hawks : 2.
19:23 of 3rd period - Ilya Sorokin from Chicago Black Hawks was sent back in the game.
19:24 of 3rd period - Jamie Benn wins face-off versus Phillip Danault in neutral zone.
19:32 of 3rd period - Slapshot by Cam Atkinson.
19:32 of 3rd period - Stopped by Ilya Sorokin without a rebound.
19:33 of 3rd period - Phillip Danault wins face-off versus Boone Jenner in Chicago Black Hawks zone.
19:48 of 3rd period - Chris Kreider is hit by Boone Jenner and loses puck.
19:53 of 3rd period - Slapshot by Boone Jenner.
19:53 of 3rd period - Goal by Boone Jenner - Edmonton Oilers : 5 - Chicago Black Hawks : 2.
19:54 of 3rd period - Steven Stamkos wins face-off versus Ryan Getzlaf in neutral zone.
Goals for this period are 3 for Edmonton Oilers vs 1 for Chicago Black Hawks.
Shots for this period are 13 for Edmonton Oilers vs 15 for Chicago Black Hawks.
Back to the Top